 Dungeon Crawl Stone Soup version 0.31-a0-246-g8cbcc1cb85 (webtiles) character file.

Game seed: 7466310544346409037

26 qw the Shooter (level 2, -1/24 HPs)
             Began as a Minotaur Hexslinger on July 12, 2023.
             Slain by an adder (3 damage)
             ... on level 2 of the Dungeon.
             The game lasted 00:00:22 (1089 turns).

qw the Shooter (Minotaur Hexslinger)                Turns: 1089, Time: 00:00:22

Health: -1/24      AC:  2    Str: 12    XL:     2   Next: 89%
Magic:  2/2        EV: 12    Int: 10    God:
Gold:   46         SH:  0    Dex: 12    Spells: 2/3 levels left

rFire   . . .        Y - +1 sling
rCold   + . .        (no shield)
rNeg    . . .        c - +0 robe
rPois   .            (helmet restricted)
rElec   .            (no cloak)
rCorr   .            (no gloves)
SInv    .            (no boots)
Will    .....        (no amulet)
Stlth   +            m - ring of protection from cold
HPRegen 0.24/turn    (no ring)
MPRegen 0.08/turn

%: no passive effects
@: lethally poisoned (-1 -> -1)
A: horns 2, retaliatory headbutt
a: no special abilities


You were on level 2 of the Dungeon.
You visited 1 branch of the dungeon, and saw 2 of its levels.

You collected 46 gold pieces.


Innate Abilities, Weirdness & Mutations

You have a pair of horns on your head.
You reflexively headbutt those who attack you in melee.


   Skills:
 - Level 2.0 Fighting
 + Level 3.4 Ranged Weapons
 - Level 2.1 Dodging
 - Level 1.0 Spellcasting
 - Level 2.0 Hexes


You had 2 spell levels left.
You knew the following spells:

 Your Spells              Type           Power      Damage    Failure   Level
a - Slow                  Hex            16%        N/A       16%         1

Your spell library contained the following spells:

 Spells                   Type           Power      Damage    Failure   Level
 Inner Flame              Hex/Fire       2%         N/A       56%         3
 Portal Projectile        Hex/Tloc       4%         N/A       56%         3
 Cause Fear               Hex            2%         N/A       83%         4

Inventory:

Hand Weapons
 Y - a +1 sling (weapon)
Armour
 c - a +0 robe (worn)
 f - a +0 leather armour
Jewellery
 b - a +6 ring of strength
 m - a ring of protection from cold (left hand)
Scrolls
 e - a scroll of brand weapon {unknown}
Potions
 a - a potion of might {unknown}
 d - a potion of curing {unknown}
 h - a potion of haste {unknown}
 j - a potion of attraction {unknown}
 l - a potion of magic {unknown}

Dungeon Overview and Level Annotations

Branches:
Dungeon (2/15)

Altars:

Shops:
D:1 (


Message History

The sling bullet hits the adder but does no damage.
The adder is lightly wounded.
The adder bites you. The adder closely misses you.
You shoot a sling bullet.
The sling bullet barely misses the adder.
The adder barely misses you. x2
You shoot a sling bullet.
The sling bullet barely misses the adder.
The adder barely misses you.
You shoot a sling bullet. The sling bullet misses the adder.
The adder closely misses you. x2
You shoot a sling bullet.
The sling bullet closely misses the adder.
The adder bites you but does no damage.
You shoot a sling bullet. The sling bullet misses the adder.
The adder barely misses you. The adder bites you but does no damage.
You shoot a sling bullet. The sling bullet misses the adder.
The adder bites you.
You shoot a sling bullet.
The sling bullet barely misses the adder.
The adder barely misses you. x2
You shoot a sling bullet.
The sling bullet barely misses the adder.
The adder bites you.
You are poisoned.
The adder poisons you! The adder barely misses you.
You shoot a sling bullet.
The sling bullet hits the adder but does no damage.
You feel sick. The adder barely misses you. You furiously retaliate!
You headbutt the adder. You shoot a sling bullet.
The sling bullet barely misses the adder.
You feel sick. The adder bites you. x2
You shoot a sling bullet.
The sling bullet barely misses the adder.
You feel sick. The adder bites you.
You shoot a sling bullet.
The sling bullet closely misses the adder.
You feel sick. The adder bites you.
You die...

#.#...#.# #. #####
#.#...#.# #. .....
#.....#.# #. ......
#.....#.# #.
......########.......# #.
...............>.#######.
.
......#.######...........
........#.S# #..#########
.......#7@7 #7P777 7.7
7.##.###777.PP77 .
7..77.#7.7#......P.7
..P.PP..#.....7P...7.7#
7P....#7.7##77PP7...7#
777P7#...# 777.....##
####.7.7 7P7.P...# ##
#......# #77P.77.#
..#########...#.##
#.7777..#


You could see an adder.

Vanquished Creatures
  A dart slug (D:1)
  A bat (D:1)
  7 endoplasms (D:1)
  3 goblins (D:1)
  2 hobgoblins
  3 ball pythons
  A frilled lizard (D:1)
  2 kobolds (D:1)
  A rat (D:1)
21 creatures vanquished.

Notes
Turn   | Place    | Note
-------+----------+-------------------------------------------
     0 | D:1      | qw the Minotaur Hexslinger began the quest for the Orb.
     0 | D:1      | Reached XP level 1. HP: 16/16 MP: 1/1
     0 | D:1      | 0 ||| qw: Version: 0.3-a-52-g30416fa
     0 | D:1      | 0 ||| qw: Game counter: 6567
     0 | D:1      | 0 ||| qw: Melee chars always use a shield: true
     0 | D:1      | 0 ||| qw: God list: Okawaru
     0 | D:1      | 0 ||| qw: Allow faded altars: false
     0 | D:1      | 0 ||| qw: Do Orc after clearing Dungeon:15 true
     0 | D:1      | 0 ||| qw: Do second Lair branch before Depths: true
     0 | D:1      | 0 ||| qw: Lair rune preference: random
     0 | D:1      | 0 ||| qw: Goals: Normal
     0 | D:1      | 0 ||| PLANNING D:1-11
   104 | D:1      | Reached skill level 3 in Ranged Weapons
   104 | D:1      | Reached XP level 2. HP: 23/23 MP: 2/2
   324 | D:1      | Found Axkass's Antique Weapon Emporium.
   788 | D:1      | 788 ||| UPGRADING to ring of protection from cold.
   789 | D:1      | 789 ||| READING scroll labelled NORELO NOIC.
   790 | D:1      | 790 ||| READING scroll labelled OLLA AQEIMO.
   891 | D:1      | 891 ||| READING scroll labelled RIFOQYU SAWN.
   895 | D:1      | 895 ||| READING 2 scrolls labelled ZYUPHO KIPENA.
   896 | D:1      | 896 ||| READING scroll labelled XIDOAL JUSU.
   897 | D:1      | 897 ||| DROPPING scroll of poison.
   898 | D:1      | 898 ||| DROPPING scroll of vulnerability.
  1088 | D:2      | HP: 3/24 [adder (4)]
  1089 | D:2      | Slain by an adder

Levels and vault maps discovered:
D:1:      saegor_arrival_simple_a, layout_basic, serial_shops, shop,
          reono_crystal_passage, ebering_dispersal_statue_hall
D:2:      layout_basic, serial_forest, infiniplex_forest_lined_2,
          infiniplex_forest_lined_room_3, infiniplex_forest_straight_2,
          infiniplex_forest_lined_room_3, infiniplex_forest_corner_1,
          infiniplex_forest_clump_C, infiniplex_forest_end_double,
          infiniplex_forest_lined_corner, uniq_crazy_yiuf_cottage

Skill      XL: |  1  2 |
---------------+-------+-----
Ranged Weapons | 3 |  3.4
Fighting       | 2 |  2.0
Dodging        | |  2.1
Spellcasting   | |  1.0
Hexes          | |  2.0

Action                     || total
---------------------------++-------
   Fire: Sling             ||    71
    Use: Scroll            ||     5
 Armour: Robe              ||     3
  Dodge: Dodged            ||    19

Table legend:
 A = Non-vault XP
 B = Vault XP
 C = Vault XP percentage of total XP
 D = Non-vault monster count
 E = Vault monster count
 F = Vault count percentage of total count
                 A         B        C        D         E       F
            +---------+---------+-------+---------+---------+-------
      Total |      38 |       0 |   0.0 |      21 |       0 |   0.0
            +---------+---------+-------+---------+---------+-------
        D:1 |      34 |       0 |   0.0 |      19 |       0 |   0.0
        D:2 |       4 |       0 |   0.0 |       2 |       0 |   0.0
            +---------+---------+-------+---------+---------+-------
